[Event "IIFL Wealth  4th Mumbai Junior U-13"]
[Site "Mumbai"]
[Date "2019.01.02"]
[Round "4"]
[White "Akshit Jha"]
[Black "Anurag Panigrahi"]
[Result "1-0"]
[ECO "B54"]
[WhiteElo "1604"]
[BlackElo "1315"]
[Annotator "NA"]
[PlyCount "55"]
[EventDate "2018.12.30"]
[EventType "swiss"]
[EventCountry "IND"]
[SourceTitle "playchess.com"]
[Source "ChessBase"]
[SourceQuality "1"]
[TimeControl "40/5400+30:1800+30"]

1. e4 c5 2. Nf3 d6 3. d4 cxd4 4. Nxd4 Nf6 5. f3 a6 6. c4 e6 7. Nc3 Be7 8. Be3 O-O 9. Be2 Qc7 10. O-O Nc6 11. Rc1 Rd8 12. Nd5 exd5 13. cxd5 Bd7 14. dxc6 bxc6 15. Bc4 Rab8 16. Rf2 d5 17. exd5 cxd5 18. Bxa6 Qa5 19. Bd3 Qxa2 20. Ra1 Ba4 21. Qf1 Qxa1 22. Qxa1 Ra8 23. Qe1 Re8 24. Re2 Bc5 25. Bf2 Bxd4 26. Bxd4 Re6 27. Re3 Rxe3 28. Qe2 1-0

[Event "IIFL Wealth  4th Mumbai Junior U-13"]
[Site "Mumbai"]
[Date "2019.01.02"]
[Round "4"]
[White "Tejes Suresh Kumar"]
[Black "Sohanganesh Uddhav Nikam"]
[Result "1-0"]
[ECO "B01"]
[WhiteElo "1586"]
[BlackElo "1299"]
[Annotator "NA"]
[PlyCount "41"]
[EventDate "2018.12.30"]
[EventType "swiss"]
[EventCountry "IND"]
[SourceTitle "playchess.com"]
[Source "ChessBase"]
[SourceQuality "1"]
[TimeControl "40/5400+30:1800+30"]

1. e4 d5 2. exd5 Qxd5 3. Nc3 Qa5 4. Bc4 Bf5 5. d3 c6 6. Bd2 Qc7 7. Nf3 Nf6 8. O-O e6 9. Re1 Bd6 10. h3 h6 11. Qe2 O-O 12. Ne4 Be7 13. Ng3 Re8 14. Nxf5 exf5 15. Bxf7+ Kxf7 16. Qe6+ Kg6 17. Qxf5+ Kf7 18. Nh4 Kg8 19. Qg6 Kf8 20. Nf5 Bd6 21. Bxh6 1-0

[Event "IIFL Wealth  4th Mumbai Junior U-13"]
[Site "Mumbai"]
[Date "2019.01.02"]
[Round "4"]
[White "Pingale Shivraj"]
[Black "Sai Mahati A"]
[Result "1-0"]
[ECO "C25"]
[WhiteElo "1580"]
[BlackElo "1267"]
[Annotator "NA"]
[PlyCount "63"]
[EventDate "2018.12.30"]
[EventType "swiss"]
[EventCountry "IND"]
[SourceTitle "playchess.com"]
[Source "ChessBase"]
[SourceQuality "1"]
[TimeControl "40/5400+30:1800+30"]

1. e4 e5 2. Nc3 Nc6 3. f4 d6 4. Nf3 Bg4 5. Bb5 Nge7 6. O-O a6 7. Bc4 Be6 8. Bxe6 fxe6 9. fxe5 dxe5 10. Ng5 Qd7 11. Qh5+ g6 12. Qf3 Bh6 13. Qf7+ Kd8 14. Nxe6+ Kc8 15. d3 Bxc1 16. Raxc1 Nd4 17. Nxd4 Qxd4+ 18. Kh1 Qd7 19. Qg7 Re8 20. Rf7 Qd6 21. Rcf1 b6 22. Qf6 h5 23. Qxd6 cxd6 24. Kg1 Kd8 25. R1f6 Kd7 26. Nd5 Rab8 27. Rxg6 Kd8 28. Rxd6+ Kc8 29. Rxe7 Rxe7 30. Nxe7+ Kc7 31. Rh6 Kd7 32. Nd5 1-0

[Event "IIFL Wealth  4th Mumbai Junior U-13"]
[Site "Mumbai"]
[Date "2019.01.02"]
[Round "4"]
[White "Vedant Nitin vekhande"]
[Black "Vishal Shewale"]
[Result "0-1"]
[ECO "B92"]
[WhiteElo "1564"]
[BlackElo "1287"]
[Annotator "NA"]
[PlyCount "92"]
[EventDate "2018.12.30"]
[EventType "swiss"]
[EventCountry "IND"]
[SourceTitle "playchess.com"]
[Source "ChessBase"]
[SourceQuality "1"]
[TimeControl "40/5400+30:1800+30"]

1. e4 c5 2. Nf3 d6 3. d4 cxd4 4. Nxd4 Nf6 5. Nc3 a6 6. Be2 e5 7. Nb3 Be6 8. O-O Be7 9. Kh1 Nbd7 10. f4 exf4 11. Bxf4 Ne5 12. Nd4 Qc7 13. Bxe5 dxe5 14. Nxe6 fxe6 15. a3 O-O 16. Qd3 Rac8 17. Rad1 Bc5 18. Qh3 Qc6 19. Bc4 Rce8 20. Be2 Bd4 21. Rd3 Re7 22. Rdf3 Bxc3 23. Rxc3 Qxe4 24. Bd3 Qd4 25. Rb3 Ne4 26. Rxf8+ Kxf8 27. Qf3+ Rf7 28. Bxe4 Rxf3 29. gxf3 Qf2 30. h3 h5 31. Rxb7 h4 32. Rb8+ Kf7 33. Rb3 Qg3 34. Bb7 Qxh3+ 35. Kg1 Qg3+ 36. Kh1 Kg6 37. f4 Qe1+ 38. Kg2 Qe2+ 39. Kh3 exf4 40. Bf3 Qf2 41. Be4+ Kg5 42. Rf3 Qg1 43. Rc3 f3 44. Rc5+ Qxc5 45. Bxf3 Qf2 46. Bg2 Qg3# 0-1

[Event "IIFL Wealth  4th Mumbai Junior U-13"]
[Site "Mumbai"]
[Date "2019.01.02"]
[Round "4"]
[White "Bharadia Yash"]
[Black "Sneha Halder"]
[Result "1-0"]
[ECO "B13"]
[WhiteElo "1559"]
[BlackElo "1282"]
[Annotator "NA"]
[PlyCount "131"]
[EventDate "2018.12.30"]
[EventType "swiss"]
[EventCountry "IND"]
[SourceTitle "playchess.com"]
[Source "ChessBase"]
[SourceQuality "1"]
[TimeControl "40/5400+30:1800+30"]

1. e4 c6 2. d4 d5 3. exd5 cxd5 4. Bd3 e6 5. c3 Nf6 6. Bf4 Bd6 7. Bxd6 Qxd6 8. Nf3 Nc6 9. O-O O-O 10. Re1 Nd7 11. Qc2 g6 12. Nbd2 Nb6 13. Ne5 Nxe5 14. dxe5 Qe7 15. Nf3 Bd7 16. Qd2 Kg7 17. Nd4 Na4 18. f4 Nc5 19. Re3 Nxd3 20. Rxd3 Rh8 21. Rh3 h6 22. Kh1 Rac8 23. g4 g5 24. Rh5 Kg6 25. Qd3+ Kg7 26. Qe3 Kg6 27. Nf3 gxf4 28. Qxf4 Rc4 29. Nd4 Kg7 30. Rf1 b5 31. Qe3 Rcc8 32. Rf6 Rh7 33. Rhxh6 Rch8 34. Rxh7+ Rxh7 35. Nf3 Bc6 36. Qd4 Kg8 37. Kg2 Qf8 38. Qxa7 d4 39. Qxd4 Bxf3+ 40. Rxf3 Qa8 41. Qd3 Qxa2 42. Qxb5 Rg7 43. h3 Qb1 44. Qe2 Qa2 45. Rd3 Qa8+ 46. Kh2 Qa4 47. Rd8+ Kh7 48. Rd4 Qa2 49. Qc2+ Rg6 50. Rd7 Kg8 51. Qf2 Rg7 52. Rd8+ Kh7 53. Rf8 Qd5 54. Qc2+ Rg6 55. Rxf7+ Kh8 56. Rf8+ Kg7 57. Rg8+ Kxg8 58. Qxg6+ Kf8 59. Qf6+ Kg8 60. Kg3 Qd3+ 61. Kh4 Qh7+ 62. Kg5 Qxh3 63. Qxe6+ Kg7 64. Qg6+ Kf8 65. Qh6+ Qxh6+ 66. Kxh6 1-0

[Event "IIFL Wealth  4th Mumbai Junior U-13"]
[Site "Mumbai"]
[Date "2019.01.02"]
[Round "4"]
[White "Nehete Arnav"]
[Black "Ghadge Harsh"]
[Result "0-1"]
[ECO "D05"]
[WhiteElo "1544"]
[BlackElo "1265"]
[Annotator "NA RC"]
[PlyCount "78"]
[EventDate "2018.12.30"]
[EventType "swiss"]
[EventCountry "IND"]
[SourceTitle "playchess.com"]
[Source "ChessBase"]
[SourceQuality "1"]
[TimeControl "40/5400+30:1800+30"]

1. d4 Nf6 2. Nf3 e6 3. e3 d5 4. Bd3 c5 5. c3 Bd6 6. Nbd2 Nc6 7. O-O O-O 8. Re1 e5 9. e4 dxe4 10. Nxe4 Nxe4 11. Rxe4 f5 12. Bc4+ Kh8 13. Re1 exd4 14. Ng5 Qc7 15. Nxh7 g6 16. Ng5 Kg7 17. h3 Bd7 18. Qd2 f4 19. Nf3 Rac8 20. cxd4 cxd4 21. a3 Rf6 22. Bb5 Bc5 23. b4 Bb6 24. Bb2 Rd8 25. Bxc6 Bxc6 26. Nxd4 Kf7 27. Rad1 Rfd6 28. Qxf4+ Kg8 29. Qg4 Qd7 30. Nxc6 Qxg4 31. Ne7+ Kf7 32. Rxd6 Bxf2+ 33. Kxf2 Qf4+ 34. Kg1 Qxd6 35. g4 Qb6+ 36. Kf1 Qc7 37. g5 Qf4+ 38. Kg1 Qg3+ 39. Kf1 Rd2 0-1

[Event "IIFL Wealth  4th Mumbai Junior U-13"]
[Site "Mumbai"]
[Date "2019.01.02"]
[Round "4"]
[White "Rushyendra Chowdary Kantipudi"]
[Black "Darsh Shetty"]
[Result "1-0"]
[ECO "B27"]
[WhiteElo "1527"]
[BlackElo "1260"]
[Annotator "NA"]
[PlyCount "105"]
[EventDate "2018.12.30"]
[EventType "swiss"]
[EventCountry "IND"]
[SourceTitle "playchess.com"]
[Source "ChessBase"]
[SourceQuality "1"]
[TimeControl "40/5400+30:1800+30"]

1. e4 c5 2. Nf3 g6 3. Bc4 Bg7 4. d3 Nc6 5. Nc3 e6 6. Nb5 d6 7. Bf4 e5 8. Bg3 Nge7 9. Ng5 O-O 10. Qf3 Nf5 11. Nxf7 Rxf7 12. Bxf7+ Kxf7 13. exf5 Bxf5 14. O-O a6 15. Qd5+ Be6 16. Nxd6+ Ke7 17. Bh4+ Bf6 18. Bxf6+ Kxf6 19. Ne4+ Kf7 20. Qxd8 Rxd8 21. Nxc5 Bc8 22. Nb3 b5 23. a3 Bb7 24. f4 exf4 25. Rxf4+ Kg7 26. Raf1 Rd7 27. Nc5 Re7 28. Nxb7 Rxb7 29. Rf6 Rc7 30. Rd6 Ne5 31. c3 a5 32. Rd5 Re7 33. Rf4 Nf7 34. Rxb5 h5 35. Rxa5 Ne5 36. Re4 Nc6 37. Rxe7+ Nxe7 38. Ra7 Kf6 39. Rxe7 Kxe7 40. b4 Kd6 41. a4 Kc6 42. c4 Kb6 43. a5+ Ka6 44. d4 Kb7 45. b5 Kc7 46. c5 Kb7 47. a6+ Ka7 48. d5 Kb8 49. b6 h4 50. c6 h3 51. a7+ Ka8 52. d6 hxg2 53. d7 1-0

[Event "IIFL Wealth  4th Mumbai Junior U-13"]
[Site "Mumbai"]
[Date "2019.01.02"]
[Round "4"]
[White "Dhanvij Ansh"]
[Black "Manish Anto Cristiano F"]
[Result "1/2-1/2"]
[ECO "D10"]
[WhiteElo "1523"]
[BlackElo "2065"]
[Annotator "NA RC"]
[PlyCount "91"]
[EventDate "2018.12.30"]
[EventType "swiss"]
[EventCountry "IND"]
[SourceTitle "playchess.com"]
[Source "ChessBase"]
[SourceQuality "1"]
[TimeControl "40/5400+30:1800+30"]

1. d4 d5 2. c4 c6 3. cxd5 cxd5 4. Nc3 Nc6 5. Bf4 Nf6 6. e3 e6 7. Nf3 Bd6 8. Bxd6 Qxd6 9. Bd3 a6 {[%emt 0:00:41] D13: Slav Defence: Exchange variation without ...Bf5} (9... O-O 10. O-O Bd7 11. Rc1 Rac8 12. a3 Rfd8 13. b4 Be8 14. Qb3 Ne7 15. Ne5 Rc7 16. Na4 Rdc8 17. Rxc7 Qxc7 18. b5 Qa5 19. Qb4 Qxb4 20. axb4 b6 {0-1 (51) Paravyan,D (2629)-Dreev,A (2649) Moscow 2018}) 10. a4 O-O 11. O-O b6 12. Rc1 $146 ({Predecessor:} 12. Qe2 Nb4 13. Rfc1 Bd7 14. Ne5 Rfc8 15. Nxd7 Qxd7 16. b3 Nxd3 17. Qxd3 Qd6 18. f3 Ne8 {½-½ (32) Al Khateeb,T (1963)-Al Awadhi,W (1954) Kuwait 2013}) 12... Bb7 13. Qe2 Rfc8 14. Rfd1 h6 15. Bb1 Nd7 16. e4 dxe4 17. Nxe4 Qe7 18. Ng3 Nb4 19. Nf5 Qf6 20. Nd6 Rxc1 21. Rxc1 Qf4 22. Rc7 Qxd6 23. Rxb7 Rc8 24. Qe1 Nf8 (24... a5 $15) 25. Kf1 Qf4 26. Qd2 Rc1+ 27. Ke2 Nd5 28. Bd3 Ra1 29. Qxf4 Nxf4+ 30. Kd2 Nxg2 31. Bxa6 Rxa4 32. Rxb6 Nd7 33. Rd6 Nf6 34. Rd8+ Kh7 35. Bd3+ g6 36. Rb8 Ng4 37. Rb7 Kg8 38. Kc3 Nxf2 39. Bc2 Ra8 40. Ne5 Rf8 41. b4 Nf4 42. b5 Nd5+ 43. Kb2 g5 44. Bb3 Ne4 45. Bxd5 $1 exd5 $18 46. Rd7 $2 (46. b6 $18) 1/2-1/2

[Event "IIFL Wealth  4th Mumbai Junior U-13"]
[Site "Mumbai"]
[Date "2019.01.02"]
[Round "4"]
[White "Ratnapriya K"]
[Black "Sadbhav Rautela"]
[Result "1/2-1/2"]
[ECO "B78"]
[WhiteElo "1516"]
[BlackElo "1746"]
[Annotator "NA"]
[PlyCount "78"]
[EventDate "2018.12.30"]
[EventType "swiss"]
[EventCountry "IND"]
[SourceTitle "playchess.com"]
[Source "ChessBase"]
[SourceQuality "1"]
[TimeControl "40/5400+30:1800+30"]

1. e4 c5 2. Nf3 Nc6 3. d4 cxd4 4. Nxd4 Nf6 5. Nc3 g6 6. Be3 Bg7 7. f3 O-O 8. Bc4 d6 9. Qd2 Bd7 10. O-O-O Rc8 11. Bb3 Nxd4 12. Bxd4 b5 13. Nd5 Nxd5 14. Bxg7 Kxg7 15. exd5 a5 16. a3 Kg8 17. Rhe1 b4 18. axb4 axb4 19. Qxb4 Rb8 20. Qc3 Re8 21. h4 Qb6 22. Qe3 Qa5 23. Qc3 Qb6 24. Qe3 Qa5 25. Qc3 Qb6 26. Qe3 Qa5 27. Qc3 Qa7 28. Qd4 Qa5 29. Qc3 Qb6 30. Qe3 Qa5 31. Qc3 Qb6 32. Qe3 Qa5 33. Qc3 Qb6 34. Qe3 Qa5 35. Qc3 Qb6 36. Qe3 Qa5 37. Qc3 Qb6 38. Qe3 Qa5 39. Qc3 Qb6 1/2-1/2

[Event "IIFL Wealth  4th Mumbai Junior U-13"]
[Site "Mumbai"]
[Date "2019.01.02"]
[Round "4"]
[White "Marium Fatima"]
[Black "Bulsara Yazaan"]
[Result "1-0"]
[ECO "A46"]
[WhiteElo "1494"]
[BlackElo "1244"]
[Annotator "NA RC"]
[PlyCount "95"]
[EventDate "2018.12.30"]
[EventType "swiss"]
[EventCountry "IND"]
[SourceTitle "playchess.com"]
[Source "ChessBase"]
[SourceQuality "1"]
[TimeControl "40/5400+30:1800+30"]

1. d4 Nf6 2. Nf3 e6 3. g3 d5 4. Bg2 Be7 5. O-O O-O 6. b3 Ne4 7. Bb2 Nd7 8. Nbd2 f5 9. c4 c6 10. Rc1 Ndf6 11. Qc2 Bd7 12. Ne5 Nxd2 13. Qxd2 Ne4 14. Qc2 Rc8 15. f3 Nf6 16. e4 fxe4 17. fxe4 dxe4 18. Bxe4 Nxe4 19. Qxe4 Bf6 20. Nd3 Qe7 21. Rce1 b6 22. c5 Rfe8 23. Ba3 Qd8 24. Bc1 Re7 25. Bf4 bxc5 26. dxc5 Re8 27. Be5 Bxe5 28. Nxe5 Re7 29. Rd1 Rc7 30. Qf3 Qe8 31. Nxd7 Rcxd7 32. Rxd7 Rxd7 33. Qxc6 Qe7 34. Re1 e5 35. b4 Rd4 36. Qc8+ Kf7 37. Rf1+ Kg6 38. Qc6+ Kg5 39. h4+ Kh5 40. Qf3+ Kh6 41. Qe3+ Kg6 42. a3 h6 43. Re1 Kf6 44. Qf2+ Ke6 45. Qxd4 Kf6 46. Qd6+ Qxd6 47. cxd6 Ke6 48. Rd1 {[%emt 0:00:06] Kd5} 1-0

[Event "IIFL Wealth  4th Mumbai Junior U-13"]
[Site "Mumbai"]
[Date "2019.01.02"]
[Round "4"]
[White "Arjun Sidharth S"]
[Black "Bang Atharva"]
[Result "1-0"]
[ECO "D04"]
[WhiteElo "1489"]
[BlackElo "1582"]
[Annotator "NA"]
[PlyCount "120"]
[EventDate "2018.12.30"]
[EventType "swiss"]
[EventCountry "IND"]
[SourceTitle "playchess.com"]
[Source "ChessBase"]
[SourceQuality "1"]
[TimeControl "40/5400+30:1800+30"]

1. d4 Nf6 2. Nf3 d5 3. e3 c6 4. Bd3 e6 5. Nbd2 Bd6 6. O-O Nbd7 7. e4 dxe4 8. Nxe4 Nxe4 9. Bxe4 Nf6 10. Bd3 O-O 11. c3 Qc7 12. Re1 Bf4 13. Ne5 Bxc1 14. Rxc1 b6 15. Bb1 Bb7 16. Qd3 Rfd8 17. Qg3 c5 18. dxc5 Qxc5 19. Rcd1 Be4 20. Bxe4 Nxe4 21. Qf4 Nf6 22. Ng4 Nxg4 23. Qxg4 Qc7 24. Qf3 Rxd1 25. Rxd1 Rd8 26. g3 h6 27. Rd3 Rxd3 28. Qxd3 Qe5 29. Qd2 Qe4 30. b3 Qd5 31. Qxd5 exd5 32. Kf1 Kf8 33. Ke2 Ke7 34. Ke3 Ke6 35. Kd4 Kd6 36. c4 dxc4 37. Kxc4 a6 38. Kd4 Kc6 39. Kc4 g6 40. b4 a5 41. bxa5 bxa5 42. a4 h5 43. f4 f6 44. h3 g5 45. f5 h4 46. g4 Kd6 47. Kb5 Ke5 48. Kxa5 Kf4 49. Kb5 Kg3 50. a5 Kxh3 51. a6 Kxg4 52. a7 Kxf5 53. a8=Q g4 54. Qg2 Kg5 55. Kc4 h3 56. Qf2 f5 57. Kd4 f4 58. Ke4 f3 59. Qg3 Kh5 60. Kf5 f2 1-0

[Event "IIFL Wealth  4th Mumbai Junior U-13"]
[Site "Mumbai"]
[Date "2019.01.02"]
[Round "4"]
[White "Balkawade Sai"]
[Black "Aashrita Narayan"]
[Result "1-0"]
[ECO "B01"]
[WhiteElo "1482"]
[BlackElo "1238"]
[Annotator "NA RC"]
[PlyCount "75"]
[EventDate "2018.12.30"]
[EventType "swiss"]
[EventCountry "IND"]
[SourceTitle "playchess.com"]
[Source "ChessBase"]
[SourceQuality "1"]
[TimeControl "40/5400+30:1800+30"]

1. e4 d5 2. exd5 Nf6 3. d4 Bg4 4. Be2 Bxe2 5. Qxe2 Nxd5 6. c4 Nf6 7. Nf3 e6 8. d5 Bb4+ 9. Bd2 Bxd2+ 10. Nbxd2 O-O 11. dxe6 Re8 12. exf7+ Kxf7 13. Ne5+ Kg8 14. O-O-O Qe7 15. f4 Nc6 16. Ndf3 Nd7 17. Rhe1 Nc5 18. Kb1 Rad8 19. Nxc6 Rxd1+ 20. Qxd1 Qf7 21. Rxe8+ Qxe8 22. Qd8 Qxd8 23. Nxd8 b6 24. Kc2 Kf8 25. b4 Na6 26. Kc3 Ke8 27. Nc6 Kd7 28. Nfe5+ Kd6 29. g4 h6 30. h4 Ke6 31. Nd3 Kd6 32. b5 Nc5 33. Nxc5 Kxc5 34. g5 a6 35. bxa6 Kxc6 36. f5 b5 37. cxb5+ Kxb5 38. a7 1-0

[Event "IIFL Wealth  4th Mumbai Junior U-13"]
[Site "Mumbai"]
[Date "2019.01.02"]
[Round "4"]
[White "Adireddy Arjun"]
[Black "Gosrani, Naiya"]
[Result "1-0"]
[ECO "C54"]
[WhiteElo "1468"]
[BlackElo "1235"]
[Annotator "NA RC"]
[PlyCount "119"]
[EventDate "2018.12.30"]
[EventType "swiss"]
[EventCountry "IND"]
[SourceTitle "playchess.com"]
[Source "ChessBase"]
[SourceQuality "1"]
[TimeControl "40/5400+30:1800+30"]

1. e4 e5 2. Nf3 Nc6 3. Bc4 Bc5 4. c3 Nf6 5. d3 d6 6. Bb3 a6 7. O-O Ba7 8. Nbd2 h6 9. h3 Ne7 10. Re1 Ng6 11. Nf1 O-O 12. Ng3 Re8 13. d4 c6 14. Be3 Be6 15. Bc2 Rf8 16. Nf5 Re8 17. dxe5 dxe5 18. Nd6 Re7 19. Bxa7 Rxa7 20. Nf5 Qxd1 21. Nxe7+ Nxe7 22. Raxd1 Ng6 23. b3 Ra8 24. c4 Re8 25. Kh2 Kh7 26. Rd6 Re7 27. Red1 Rd7 28. a3 Rc7 29. c5 Nd7 30. b4 b6 31. cxb6 Nxb6 32. Bd3 Nc4 33. Bxc4 Bxc4 34. Rd7 Rxd7 35. Rxd7 f6 36. g3 Nf8 37. Rd8 Ng6 38. Nd2 Bb5 39. Nb3 Ne7 40. Nc5 Kg6 41. Ra8 f5 42. exf5+ Kxf5 43. Nxa6 Bxa6 44. Rxa6 g5 45. a4 Ke4 46. b5 cxb5 47. axb5 Kf3 48. Rxh6 Kxf2 49. Re6 Nf5 50. Rf6 e4 51. Rxf5+ Ke2 52. b6 e3 53. b7 Kd1 54. b8=Q e2 55. Qd6+ Ke1 56. Re5 Kf1 57. Qf6+ Ke1 58. Qf3 Kd1 59. Rxe2 Kc1 60. Qh1# 1-0

[Event "IIFL Wealth  4th Mumbai Junior U-13"]
[Site "Mumbai"]
[Date "2019.01.02"]
[Round "4"]
[White "Varshita Jain"]
[Black "Keerthana B"]
[Result "1-0"]
[ECO "C88"]
[WhiteElo "1461"]
[BlackElo "1232"]
[Annotator "NA"]
[PlyCount "45"]
[EventDate "2018.12.30"]
[EventType "swiss"]
[EventCountry "IND"]
[SourceTitle "playchess.com"]
[Source "ChessBase"]
[SourceQuality "1"]
[TimeControl "40/5400+30:1800+30"]

1. e4 e5 2. Nf3 Nc6 3. Bb5 a6 4. Ba4 Nf6 5. O-O Be7 6. Re1 b5 7. Bb3 d6 8. c3 Na5 9. Bc2 c5 10. d4 Qc7 11. Nbd2 Bd7 12. Nf1 O-O 13. d5 c4 14. Ng3 Nb7 15. h3 a5 16. Bd2 Nc5 17. Be3 b4 18. Qd2 Rfb8 19. b3 Na6 20. Rac1 Rc8 21. bxc4 Qxc4 22. Bd3 bxc3 23. Qe2 1-0

[Event "IIFL Wealth  4th Mumbai Junior U-13"]
[Site "Mumbai"]
[Date "2019.01.02"]
[Round "4"]
[White "Laddha, Yash Jayesh"]
[Black "Riddhika Kotia"]
[Result "1-0"]
[ECO "B15"]
[WhiteElo "1449"]
[BlackElo "1213"]
[Annotator "NA"]
[PlyCount "55"]
[EventDate "2018.12.30"]
[EventType "swiss"]
[EventCountry "IND"]
[SourceTitle "playchess.com"]
[Source "ChessBase"]
[SourceQuality "1"]
[TimeControl "40/5400+30:1800+30"]

1. e4 c6 2. d4 d5 3. Nc3 e6 4. e5 c5 5. Nf3 Nc6 6. Be3 cxd4 7. Bxd4 Nxd4 8. Nxd4 Bb4 9. Qd3 Bd7 10. a3 Ba5 11. Ndb5 Bxc3+ 12. Nxc3 Qc7 13. Qg3 g6 14. Nb5 Bxb5 15. Bxb5+ Kf8 16. O-O Qxc2 17. Rfc1 Qxb2 18. Rab1 Qd4 19. Rc7 f6 20. exf6 Qxf6 21. Qd6+ Ne7 22. Rb3 Qa1+ 23. Bf1 Re8 24. Rf3+ Kg8 25. Qxe6+ Kg7 26. Rxe7+ Rxe7 27. Qxe7+ Kg8 28. Rf8# 1-0

[Event "IIFL Wealth  4th Mumbai Junior U-13"]
[Site "Mumbai"]
[Date "2019.01.02"]
[Round "4"]
[White "Kriti Mayur Patel"]
[Black "Shah, Viraj Bhaveshu"]
[Result "1-0"]
[ECO "C54"]
[WhiteElo "1439"]
[BlackElo "1119"]
[Annotator "NA"]
[PlyCount "101"]
[EventDate "2018.12.30"]
[EventType "swiss"]
[EventCountry "IND"]
[SourceTitle "playchess.com"]
[Source "ChessBase"]
[SourceQuality "1"]
[TimeControl "40/5400+30:1800+30"]

1. e4 e5 2. Nf3 Nc6 3. Bc4 Bc5 4. c3 Nf6 5. d3 h6 6. Nbd2 d6 7. Bb3 Be6 8. h3 O-O 9. Nf1 Re8 10. Ng3 Ne7 11. Nh4 Qc8 12. Qf3 Nh7 13. Nh5 Ng6 14. Qg3 Bxb3 15. axb3 Qe6 16. Nf5 Rf8 17. Nhxg7 Qxb3 18. h4 Kh8 19. Nh5 Rg8 20. Qf3 d5 21. Nxh6 Rgf8 22. Nxf7+ Kg8 23. Qf5 Bxf2+ 24. Kd2 Be3+ 25. Kxe3 d4+ 26. Ke2 Qxf7 27. Qxf7+ Rxf7 28. cxd4 exd4 29. Ng3 Nf4+ 30. Bxf4 Rxf4 31. Nf5 a6 32. g3 Rxf5 33. exf5 Re8+ 34. Kf2 Re3 35. Rad1 Nf6 36. Rhe1 Ng4+ 37. Kg2 Kf7 38. Rc1 c6 39. Rxe3 Nxe3+ 40. Kf3 Nxf5 41. Kf4 Nd6 42. Ke5 Ke7 43. g4 Nb5 44. h5 Kf7 45. g5 Kg7 46. h6+ Kh7 47. Rf1 Kg8 48. g6 Nc7 49. Rf7 Ne8 50. Rxb7 Kh8 51. Rb8 1-0

[Event "IIFL Wealth  4th Mumbai Junior U-13"]
[Site "Mumbai"]
[Date "2019.01.02"]
[Round "4"]
[White "Dande Vyankatesh S"]
[Black "Desai Sailee"]
[Result "1/2-1/2"]
[ECO "B01"]
[WhiteElo "1418"]
[BlackElo "1042"]
[Annotator "NA RC"]
[PlyCount "64"]
[EventDate "2018.12.30"]
[EventType "swiss"]
[EventCountry "IND"]
[SourceTitle "playchess.com"]
[Source "ChessBase"]
[SourceQuality "1"]
[TimeControl "40/5400+30:1800+30"]

1. e4 d5 2. exd5 Qxd5 3. Nc3 Qd6 4. Nf3 Nf6 5. d4 e6 6. Be3 Be7 7. Be2 a6 8. Bd3 Nbd7 9. Qd2 b5 10. Ne4 Nxe4 11. Bxe4 Rb8 12. a3 Nf6 13. Bd3 Bb7 14. Be2 Rc8 15. O-O O-O 16. Rfe1 Rfe8 17. Bf4 Qb6 18. Bf1 c5 19. c3 cxd4 20. Nxd4 Bc5 21. Be5 Ne4 22. Rxe4 Bxe4 23. Re1 Bg6 24. Bd3 Bxd3 25. Qxd3 f6 26. Bg3 Bxd4 27. cxd4 Red8 28. Kh1 Kh8 29. Kg1 Kg8 30. Kh1 Kh8 31. Kg1 Kg8 32. Kh1 Kh8 1/2-1/2

[Event "IIFL Wealth  4th Mumbai Junior U-13"]
[Site "Mumbai"]
[Date "2019.01.02"]
[Round "4"]
[White "Amrit Raunak"]
[Black "Yash Joshi"]
[Result "1-0"]
[ECO "B22"]
[WhiteElo "1410"]
[BlackElo "1389"]
[Annotator "NA RC"]
[PlyCount "127"]
[EventDate "2018.12.30"]
[EventType "swiss"]
[EventCountry "IND"]
[SourceTitle "playchess.com"]
[Source "ChessBase"]
[SourceQuality "1"]
[TimeControl "40/5400+30:1800+30"]

1. e4 c5 2. c3 d5 3. exd5 Nf6 4. d4 Nxd5 5. Nf3 e6 6. Bc4 Nc6 7. O-O Be7 8. Bxd5 Qxd5 9. Be3 cxd4 10. Bxd4 Nxd4 11. Qxd4 Qxd4 12. Nxd4 O-O 13. Nd2 e5 14. N4f3 f6 15. h3 b6 16. Rfe1 Rd8 17. Rad1 Bb7 18. Nf1 Rac8 19. Ne3 g6 20. Rxd8+ Rxd8 21. Rd1 Rxd1+ 22. Nxd1 Bd5 23. b3 b5 24. Ne3 Be6 25. Nd2 f5 26. c4 a6 27. cxb5 axb5 28. Nf3 Bf6 29. a4 e4 30. Nd2 Bd8 31. axb5 Bd7 32. Nec4 Bxb5 33. Nd6 Bd7 34. Kf1 Kf8 35. Ke2 Ke7 36. N6c4 Ke6 37. Ke3 Kd5 38. f3 Bg5+ 39. f4 Bd8 40. Nb1 Bb5 41. Nc3+ Kc5 42. Nxb5 Kxb5 43. Ne5 Bc7 44. Nd7 Kb4 45. Nf8 Bd6 46. Nxh7 Bc5+ 47. Ke2 Kxb3 48. Nf6 Kc4 49. Nd7 Bd4 50. Nf8 e3 51. Nxg6 Kd5 52. Nh4 Ke4 53. Nf3 Bb6 54. g3 Ba7 55. Ne1 Bb8 56. Ng2 Bd6 57. h4 Bf8 58. Nxe3 Bh6 59. Ng2 Bg7 60. h5 Bh6 61. Nh4 Bg7 62. Ng6 Bh6 63. Ne5 Bg7 64. Nf7 1-0

[Event "IIFL Wealth  4th Mumbai Junior U-13"]
[Site "Mumbai"]
[Date "2019.01.02"]
[Round "4"]
[White "Ananya Arumbakkam"]
[Black "Suhaani Lohia"]
[Result "1-0"]
[ECO "B52"]
[WhiteElo "1405"]
[BlackElo "1200"]
[Annotator "NA RC"]
[PlyCount "86"]
[EventDate "2018.12.30"]
[EventType "swiss"]
[EventCountry "IND"]
[SourceTitle "playchess.com"]
[Source "ChessBase"]
[SourceQuality "1"]
[TimeControl "40/5400+30:1800+30"]

1. e4 c5 2. Nf3 d6 3. Bb5+ Bd7 4. Bxd7+ Qxd7 5. O-O Nf6 6. Qe2 g6 7. c3 Bg7 8. Rd1 Nc6 9. d4 cxd4 10. cxd4 Rd8 11. Nc3 O-O 12. Be3 Qc7 13. Rac1 Qb8 14. h3 Rfe8 15. Bg5 h6 16. Bf4 Kh7 17. Bh2 Nd7 18. Qc4 Kg8 19. b4 Rc8 20. Qb3 Nb6 21. a4 Qc7 22. a5 Nd7 23. Nd5 Qb8 24. Qa4 Nf8 25. b5 Nd8 26. Rxc8 Qxc8 27. b6 Nc6 28. bxa7 Nxa7 29. Bf4 Ne6 30. Rc1 Qb8 31. Be3 Nc6 32. a6 Qa7 33. Nc3 Nexd4 34. Nxd4 Bxd4 35. Nb5 Qb6 36. Nxd4 Nxd4 37. Qxe8+ Kg7 38. Bxd4+ Qxd4 39. axb7 Qd2 40. Qc8 Qb2 41. b8=Q Qb6 42. Qbb7 Qxb7 43. Qb8 Qxb8 1-0

[Event "IIFL Wealth  4th Mumbai Junior U-13"]
[Site "Mumbai"]
[Date "2019.01.02"]
[Round "4"]
[White "Virle Kimaya"]
[Black "Mayank Chakraborty"]
[Result "0-1"]
[ECO "E32"]
[WhiteElo "1391"]
[BlackElo "1691"]
[Annotator "NA RC"]
[PlyCount "84"]
[EventDate "2018.12.30"]
[EventType "swiss"]
[EventCountry "IND"]
[SourceTitle "playchess.com"]
[Source "ChessBase"]
[SourceQuality "1"]
[TimeControl "40/5400+30:1800+30"]

1. d4 Nf6 2. c4 e6 3. Nc3 Bb4 4. Qc2 O-O 5. a3 Bxc3+ 6. Qxc3 b5 7. cxb5 c6 8. Bg5 cxb5 9. e3 Bb7 10. Rc1 Nc6 11. Nf3 Rc8 12. Qd2 Qa5 13. Bxf6 gxf6 14. Be2 Qxd2+ 15. Kxd2 a6 16. Rc2 Na5 17. b4 Nb3+ 18. Kd1 Be4 19. Rc5 Nxc5 20. dxc5 d6 21. Nd2 Bb7 22. c6 Bxc6 23. Bf3 Bxf3+ 24. Nxf3 Rc3 25. Kd2 Rfc8 26. Ra1 Rc2+ 27. Ke1 Rc1+ 28. Rxc1 Rxc1+ 29. Kd2 Ra1 30. Nd4 Rxa3 31. e4 Ra1 32. Ke3 a5 33. Nxb5 axb4 34. Kd3 Ra2 35. Kc4 Rxf2 36. Nxd6 Rxg2 37. h4 Rg4 38. Kxb4 f5 39. Kc3 fxe4 40. h5 e3 41. Kd3 Rd4+ 42. Kxd4 e2 0-1